 Dungeon Crawl Stone Soup version 0.31-a0-232-gb1c03b2570 (webtiles) character file.

Game seed: 8457895311845551924

42 qw the Shooter (level 3, -5/22 HPs)
             Began as a Gargoyle Hexslinger on July 6, 2023.
             Slain by Sigmund
             ... wielding a +0 scythe
              (9 damage)
             ... on level 2 of the Dungeon.
             The game lasted 00:00:19 (676 turns).

qw the Shooter (Gargoyle Hexslinger)                 Turns: 676, Time: 00:00:19

Health: -5/22      AC:  5    Str: 11    XL:     3   Next: 56%
Magic:  4/4        EV: 12    Int: 13    God:
Gold:   39         SH:  0    Dex: 14    Spells: 3/4 levels left

rFire   . . .        Y - +1 sling
rCold   . . .        (no shield)
rNeg    + . .        c - +0 robe
rPois   inf          (no helmet)
rElec   +            (no cloak)
rCorr   .            (no gloves)
SInv    .            (no boots)
Will    .....        (no amulet)
Stlth   +            (no ring)
HPRegen 0.23/turn    (no ring)
MPRegen 0.09/turn

%: no passive effects
@: confused
A: sickness immunity, AC +3, negative energy resistance 1, electricity
resistance, torment resistance 1, petrification resistance
a: no special abilities


You were on level 2 of the Dungeon.
You visited 1 branch of the dungeon, and saw 2 of its levels.

You collected 39 gold pieces.


Innate Abilities, Weirdness & Mutations

You are immune to sickness and miasma.
Your stone body is resilient. (AC +3)
You are immune to poison.
You resist negative energy. (rN+)
You are resistant to electric shocks. (rElec)
You are resistant to unholy torment.
You are immune to petrification.


   Skills:
 - Level 2.7 Fighting
 + Level 3.0 Ranged Weapons
 - Level 1.5 Dodging
 - Level 1.0 Spellcasting
 - Level 2.6 Hexes


You had 3 spell levels left.
You knew the following spells:

 Your Spells              Type           Power      Damage    Failure   Level
a - Slow                  Hex            28%        N/A       10%         1

Your spell library contained the following spells:

 Spells                   Type           Power      Damage    Failure   Level
 Inner Flame              Hex/Fire       4%         N/A       43%         3
 Portal Projectile        Hex/Tloc       8%         N/A       43%         3
 Cause Fear               Hex            3%         N/A       67%         4

Inventory:

Hand Weapons
 Y - a +1 sling (weapon)
Armour
 a - a +0 ring mail
 c - a +0 robe (worn)
Potions
 g - a potion of attraction {unknown}

Dungeon Overview and Level Annotations

Branches:
Dungeon (2/15)

Altars:

Annotations:
D:2 Sigmund


Message History

Sigmund closely misses you.
You feel less confused.
Enter note:
Enter note:
Enter note:
Enter note:
660 ||| FLEEEEING.
Things that are here:
a +0 dagger; a +0 robe
661 ||| FLEEEEING.
662 ||| FLEEEEING.
663 ||| FLEEEEING.
664 ||| FLEEEEING.
665 ||| FLEEEEING.
You shoot a sling bullet.
The sling bullet hits Sigmund but does no damage.
Sigmund is lightly wounded.
Sigmund hits you from afar with a +0 scythe.
You shoot a sling bullet.
The sling bullet hits Sigmund but does no damage.
Sigmund is lightly wounded.
Sigmund barely misses you.
You shoot a sling bullet.
The sling bullet closely misses Sigmund.
Sigmund casts a spell.
Sigmund flickers and vanishes!
Deactivating autopickup; reactivate with Ctrl-A.
669 ||| STILL FLEEEEING.
670 ||| STILL FLEEEEING.
671 ||| STILL FLEEEEING.
You are confused.
You shoot a sling bullet. You shoot a sling bullet. You shoot a sling bullet.
Something hits you.
You shoot a sling bullet. Something hits you.
You shoot a sling bullet. Something hits you!
You die...

#..........# #########...#.#
#..#####.....# ............#.#
#...........########....)##.#
#######.)....#........#....#.#
#............#.#####..#..#.#.#
#............#.##<##..#..#.#.#
#............#....##.....#.#.#
#########..#.#####....####.#.#
##......@............#
######>...#######.####.###
...........# #......#
##########.###########..######
#.......................#
#.###.#################.#
#................####.#
#.#.############.#....#
#.#....# #.#.####


There were no monsters in sight!

Vanquished Creatures
  Jessica (D:2)
  2 ball pythons (D:1)
  2 endoplasms (D:1)
  2 goblins (D:1)
  2 hobgoblins (D:1)
  2 kobolds (D:1)
  A quokka (D:2)
  2 frilled lizards (D:1)
  A rat (D:1)
15 creatures vanquished.

Notes
Turn   | Place    | Note
-------+----------+-------------------------------------------
     0 | D:1      | qw the Gargoyle Hexslinger began the quest for the Orb.
     0 | D:1      | Reached XP level 1. HP: 12/12 MP: 2/2
     0 | D:1      | 0 ||| qw: Version: 0.3-a-46-gb1f654a
     0 | D:1      | 0 ||| qw: Game counter: 1960
     0 | D:1      | 0 ||| qw: Melee chars always use a shield: true
     0 | D:1      | 0 ||| qw: God list: Okawaru
     0 | D:1      | 0 ||| qw: Allow faded altars: false
     0 | D:1      | 0 ||| qw: Do Orc after clearing Dungeon:15 true
     0 | D:1      | 0 ||| qw: Do second Lair branch before Depths: true
     0 | D:1      | 0 ||| qw: Lair rune preference: random
     0 | D:1      | 0 ||| qw: Goals: Normal
     0 | D:1      | 0 ||| PLANNING D:1-11
   117 | D:1      | Reached XP level 2. HP: 16/16 MP: 3/3
   304 | D:1      | 304 ||| READING scroll labelled IDIPTU ELOROU.
   305 | D:1      | 305 ||| READING scroll labelled VUOKAPTUGO.
   318 | D:1      | 318 ||| READING scroll labelled YPUTAORREI.
   319 | D:1      | 319 ||| READING scroll labelled WOOZ DIYQOIRU.
   320 | D:1      | 320 ||| READING scroll labelled UFRASH PIPT.
   321 | D:1      | 321 ||| READING scroll labelled GEGAEG DUIJY.
   322 | D:1      | 322 ||| DRINKING 2 sapphire potions.
   323 | D:1      | 323 ||| DROPPING scroll of poison.
   324 | D:1      | 324 ||| DROPPING potion of brilliance.
   354 | D:2      | 354 ||| STAIRDANCE
   357 | D:1      | Reached skill level 3 in Ranged Weapons
   570 | D:2      | Noticed Jessica
   574 | D:2      | HP: 4/16 [Jessica/+0 dagger (7)]
   578 | D:2      | Killed Jessica
   579 | D:2      | Reached XP level 3. HP: 6/22 MP: 4/4
   648 | D:2      | Noticed Sigmund
   660 | D:2      | 660 ||| FLEEEEING.
   661 | D:2      | 661 ||| FLEEEEING.
   662 | D:2      | 662 ||| FLEEEEING.
   663 | D:2      | 663 ||| FLEEEEING.
   664 | D:2      | 664 ||| FLEEEEING.
   665 | D:2      | 665 ||| FLEEEEING.
   675 | D:2      | HP: 4/22 [something (5)]
   676 | D:2      | Slain by Sigmund

Levels and vault maps discovered:
D:1:      dpeg_arrival_orchard, layout_rooms, grunt_decor_arrowhead
D:2:      minmay_wonky_spiral, layout_basic, ebering_dispersal_statue_hall,
          uniq_jessica, uniq_sigmund

Skill      XL: |  1  2 |
---------------+-------+-----
Ranged Weapons | 3 |  3.0
Fighting       | 2 |  2.7
Dodging        | |  1.5
Spellcasting   | |  1.0
Hexes          | |  2.6

Action                     || total
---------------------------++-------
   Fire: Sling             ||    61
    Use: Scroll            ||     6
         Potion            ||     1
 Armour: Robe              ||     8
  Dodge: Dodged            ||    11

Table legend:
 A = Non-vault XP
 B = Vault XP
 C = Vault XP percentage of total XP
 D = Non-vault monster count
 E = Vault monster count
 F = Vault count percentage of total count
                 A         B        C        D         E       F
            +---------+---------+-------+---------+---------+-------
      Total |      24 |      37 |  60.7 |      14 |       1 |   6.7
            +---------+---------+-------+---------+---------+-------
        D:1 |      22 |       0 |   0.0 |      13 |       0 |   0.0
        D:2 |       2 |      37 |  94.9 |       1 |       1 |  50.0
            +---------+---------+-------+---------+---------+-------
